Map: Ulrena

Players

Datsusong

  • Race: Terran Terran
  • League: Silver
  • Spawn Location: 7:00

zidar - Winner!

  • Race: Zerg Zerg
  • League: Silver
  • Spawn Location: 11:00

VOD

Have the link to the VOD?

Description

Time

  • Played on: Feb. 5, 2016, 7:27 a.m.
  • Length: 15:20
Show
View Real Time Build Order
Export as new Build Order

Datsusong Terran 

Build Orders:  

Get SALT Encoding   

  12  0:01  SCV  
  13  0:13  SCV  
  14  0:20  Supply Depot  
  14  0:25  SCV  
  15  0:43  Barracks  
  15  0:48  SCV  
  16  1:06  SCV  
  17  1:19  Refinery  
  17  1:23  Barracks  
  17  1:29  Barracks  
  17  1:33  Supply Depot  
  17  1:35  SCV  
  18  1:41  Marine  
  19  1:47  SCV  
  20  1:59  SCV  
  21  2:10  Marine x2  
  21  2:11  SCV  
  24  2:20  Factory  
  24  2:26  Marine  
  24  2:27  Marine  
  26  2:39  Marine  
  26  2:42  Orbital Command  
  27  2:47  Marine x2  
  29  2:57  Marine  
  30  3:02  Refinery  
  30  3:04  Factory Tech Lab  
  30  3:08  Starport  
  30  3:12  SCV  
  31  3:32  Supply Depot  
  31  3:33  SCV  
  31  3:46  Supply Depot  
  31  3:54  Marine x2, Siege Tank  
  31  3:55  Supply Depot  
  36  4:09  Liberator  
  35  4:14  Marine  
  36  4:20  SCV  
  40  4:42  Command Center  
  40  4:46  Marine x2  
  42  4:57  Siege Tank  
  45  5:01  Marine  
  46  5:09  Marine x2  
  48  5:18  Starport Reactor  
  48  5:30  Supply Depot  
  48  5:32  Barracks, Siege Tank  
  51  5:36  Barracks Tech Lab  
  51  5:38  Barracks Tech Lab  
  51  5:50  Marine  
  52  5:58  Marine  
  52  5:59  Marine  
  54  6:04  Supply Depot  
  54  6:08  Marine  
  55  6:11  Engineering Bay  
  55  6:22  Medivac x2  
  55  6:25  Marine  
  60  6:26  Marine  
  61  6:52  Stimpack  
  61  6:56  Combat Shield  
  61  6:57  Terran Infantry Weapons Level 1  
  61  7:06  SCV  
  61  7:07  SCV  
  61  7:08  Marine  
  64  7:09  Marine  
  65  7:18  SCV  
  65  7:19  SCV  
  67  7:28  Marine x4  
  71  7:39  Orbital Command  
  71  7:47  Medivac x2  
  75  8:03  Marine x4  
  79  8:08  Supply Depot  
  79  8:11  Supply Depot  
  79  8:12  Supply Depot  
  79  8:20  Marine  
  79  8:21  Medivac x2  
  80  9:02  Marine x4  
  74  9:05  Medivac x2  
  74  9:09  Terran Infantry Armor Level 1  
  76  9:20  Marine  
  58  9:45  Marine x3  
  54  9:46  Marine  
  54  9:49  Supply Depot  
  54  9:52  Siege Tank  
  61  9:57  Factory  
  61  10:02  Supply Depot  
  61  10:12  Refinery, SCV x2, Supply Depot  
  61  10:13  Refinery  
  62  10:24  SCV  
  45  10:55  Marine  
  45  10:56  Marine x3  
  45  11:13  Marine x2  
  45  11:14  Marine x2  
  49  11:24  SCV x2  
  51  11:31  Marine  
  51  11:36  SCV x2  
  53  11:48  SCV  
  54  11:59  Marine x3  
  57  12:08  Factory Tech Lab, Liberator  
  57  12:11  Marine  
  58  12:17  Marine  
  62  12:52  Marine x4  
  65  13:03  Siege Tank  
  68  13:09  Marine  
  68  13:10  Marine x3, SCV  
  68  13:12  SCV  
  74  13:27  Marine x2  
  74  13:28  Marine x2  
  74  13:32  Supply Depot  
  78  13:38  Missile Turret  
  78  13:44  Armory  
  78  13:45  Marine  
  72  13:56  Marine x3  
  75  14:05  SCV  
  75  14:18  SCV  
  57  14:24  Marine x3  
  57  14:25  Marine  
  57  14:27  Siege Tank  
  57  14:30  SCV  
  64  14:51  Marine x4  
Show
View Real Time Build Order
Export as new Build Order

zidar Zerg - Winner!

Build Orders: Hatch First 

Get SALT Encoding   

  12  0:01  Drone  
  13  0:12  Overlord  
  13  0:18  Drone  
  14  0:45  Drone  
  14  0:46  Hatchery  
  14  0:50  Drone  
  14  0:55  Drone  
  16  0:58  Drone  
  17  1:16  Spawning Pool  
  16  1:25  Drone  
  17  1:37  Drone  
  17  1:38  Extractor  
  17  1:39  Drone  
  17  1:40  Overlord  
  17  2:10  Drone x4  
  17  2:13  Drone  
  22  2:37  Roach Warren, Metabolic Boost  
  21  2:40  Queen  
  21  2:41  Queen  
  25  2:51  Zergling x2  
  25  2:52  Zergling x8  
  25  2:54  Zergling x2  
  31  3:27  Extractor  
  31  3:29  Extractor  
  31  3:31  Drone x6  
  34  4:06  Overlord  
  34  4:07  Overlord  
  34  4:21  Spine Crawler  
  34  4:24  Roach  
  35  4:25  Roach x5  
  35  4:26  Roach  
  47  4:37  Queen  
  49  4:40  Overlord  
  49  4:41  Overlord x2  
  49  4:53  Drone x2  
  51  5:04  Drone x7  
  51  5:05  Drone  
  59  5:09  Ravager x2  
  59  5:10  Ravager  
  62  5:28  Spore Crawler  
  61  5:49  Spore Crawler  
  60  5:54  Spore Crawler  
  59  5:58  Lair  
  59  6:12  Hatchery  
  59  6:15  Overlord x3  
  58  6:36  Evolution Chamber  
  58  6:37  Evolution Chamber  
  56  6:54  Roach x8  
  72  7:02  Drone x3  
  72  7:03  Drone x3  
  72  7:06  Zerg Missile Weapons Level 1  
  72  7:08  Zerg Ground Armor Level 1  
  78  7:18  Queen  
  78  7:22  Overlord  
  78  7:48  Ravager x3  
  81  8:01  Infestation Pit  
  80  8:08  Drone x15  
  80  8:09  Drone  
  96  8:18  Extractor  
  95  8:33  Spore Crawler x2  
  93  8:34  Spore Crawler  
  71  9:01  Roach x6  
  71  9:02  Roach x7, Zergling x2  
  93  9:03  Zergling x10  
  74  9:53  Roach x9  
  90  10:17  Hatchery  
  54  11:11  Roach  
  54  11:12  Roach x5  
  56  11:45  Roach x8  
  72  11:47  Ravager  
  72  11:48  Ravager x2  
  75  11:55  Zerg Missile Weapons Level 2  
  75  11:56  Zerg Ground Armor Level 2  
  77  12:08  Roach  
  77  12:09  Roach x8  
  93  12:30  Hive  
  93  12:34  Roach  
  93  12:35  Roach  
  97  12:37  Overlord x4  
  95  13:08  Roach Warren  
  94  13:17  Drone x8  
  96  14:03  Zergling x2  
  96  14:04  Zergling x8  
  96  14:05  Roach x8  
  96  14:06  Roach x6, Zergling x2  
  105  14:43  Ravager x7  
  106  14:57  Ravager  
Tags
 
Matchup
TvZ
Spawn Locations
Close Positions
Add a new tag
Caveats
  • Supply blocks, unpowered buildings, or Contaminate may cause inaccurate times.
  • Supply counts are checked every 10 seconds.